| TOP OF THE 1ST |
|
Boston (APP) Red Sox batting - Pitching for Oakland (APP) Athletics : RHP Kyle Rasor
|
|
Pitching: RHP Kyle Rasor
|
|
|
Batting: LHB Stanislav Parusov
|
0-0: Foul Ball, location: 2F 0-1: Foul Ball, location: 2F 0-2: Ball 1-2: Ball 2-2: Strikes out swinging
|
|
Batting: RHB Matt Hinkle
|
0-0: Ground out 6-3 (Groundball, 56, EV 91.9 MPH)
|
|
Batting: RHB Frank Sokolosky
|
0-0: Ball 1-0: SINGLE (Groundball, 25, EV 71.3 MPH) (infield hit)
|
|
Batting: RHB William Lung
|
0-0: Ball 1-0: Ball 2-0: Ball 3-0: Called Strike 3-1: Base on Balls Frank Sokolosky to second
|
|
Batting: LHB Frank Olivo
|
0-0: Ball 1-0: Ball 2-0: Called Strike 2-1: Ball 3-1: Base on Balls Frank Sokolosky to third William Lung to second
|
|
Batting: RHB Mike Strey
|
0-0: Ball 1-0: Ball 2-0: Fly out, F8 (Flyball, 8RM, EV 94.4 MPH)
|
| Top of the 1st over - 0 runs, 1 hit, 0 errors, 3 left on base; Boston (APP) 0 - Oakland (APP) 0 |
| BOTTOM OF THE 1ST |
|
Oakland (APP) Athletics batting - Pitching for Boston (APP) Red Sox : LHP Nick Barnes
|
|
Pitching: LHP Nick Barnes
|
|
|
Batting: RHB Steve Blackshear
|
0-0: Foul Ball, location: 2F 0-1: Ball 1-1: Ground out 6-3 (Groundball, 6, EV 88.8 MPH)
|
|
Batting: RHB Branden Mackie
|
0-0: Ball 1-0: Called Strike 1-1: Ground out 6-3 (Groundball, 6, EV 81.9 MPH)
|
|
Batting: RHB Matt Black
|
0-0: Foul Ball, location: 2F 0-1: Ball 1-1: Ball 2-1: Swinging Strike 2-2: Ball 3-2: Strikes out swinging
|
| Bottom of the 1st over - 0 runs, 0 hits, 0 errors, 0 left on base; Boston (APP) 0 - Oakland (APP) 0 |
| TOP OF THE 2ND |
|
Boston (APP) Red Sox batting - Pitching for Oakland (APP) Athletics : RHP Kyle Rasor
|
|
Batting: RHB Dominique Paolozzi
|
0-0: Called Strike 0-1: Ball 1-1: Foul Ball, location: 2F 1-2: Strikes out swinging
|
|
Batting: RHB Rogelio Cervantes
|
0-0: Called Strike 0-1: Swinging Strike 0-2: Ball 1-2: Strikes out swinging
|
|
Batting: RHB Joe Booth
|
0-0: Called Strike 0-1: Foul Ball, location: 2F 0-2: Ball 1-2: Foul Ball, location: 2F 1-2: Strikes out looking
|
| Top of the 2nd over - 0 runs, 0 hits, 0 errors, 0 left on base; Boston (APP) 0 - Oakland (APP) 0 |
| BOTTOM OF THE 2ND |
|
Oakland (APP) Athletics batting - Pitching for Boston (APP) Red Sox : LHP Nick Barnes
|
|
Batting: RHB Josh Whaley
|
0-0: Foul Ball, location: 2F 0-1: Ball 1-1: Called Strike 1-2: Strikes out looking
|
|
Batting: LHB Augustin Cormier
|
0-0: Ball 1-0: Swinging Strike 1-1: Called Strike 1-2: Ball 2-2: Foul Ball, location: 2F 2-2: Strikes out swinging
|
|
Batting: RHB Chris Temple
|
0-0: Ball 1-0: Ball 2-0: SOLO HOME RUN (Flyball, 7D, EV 100.6 MPH), Distance : 376 ft
|
|
Batting: LHB Al Soltero
|
0-0: Ball 1-0: Ball 2-0: Foul Ball, location: 2F 2-1: Called Strike 2-2: Foul Ball, location: 2F 2-2: Foul Ball, location: 2F 2-2: Ball 3-2: Foul Ball, location: 2F 3-2: Fly out, F9 (Line Drive, 9, EV 96.9 MPH)
|
| Bottom of the 2nd over - 1 run, 1 hit, 0 errors, 0 left on base; Boston (APP) 0 - Oakland (APP) 1 |
| TOP OF THE 3RD |
|
Boston (APP) Red Sox batting - Pitching for Oakland (APP) Athletics : RHP Kyle Rasor
|
|
Batting: LHB Stanislav Parusov
|
0-0: Foul Ball, location: 2F 0-1: Ball 1-1: Foul Ball, location: 2F 1-2: Foul Ball, location: 2F 1-2: Ball 2-2: SINGLE (Groundball, 25, EV 68.1 MPH) (infield hit)
|
|
Batting: RHB Matt Hinkle
|
0-0: Called Strike 0-1: Ball 1-1: Foul Ball, location: 2F 1-2: Foul Ball, location: 2F 1-2: Foul Ball, location: 2F 1-2: Ball 2-2: Ball 3-2: Strikes out swinging
|
|
Batting: RHB Frank Sokolosky
|
0-0: Ball 1-0: Called Strike 1-1: Ball 2-1: Called Strike Stanislav Parusov steals 2nd base (no throw) 2-2: Foul Ball, location: 2F 2-2: SINGLE (Flyball, 89S, EV 90.0 MPH) Stanislav Parusov to third
|
|
Batting: RHB William Lung
|
0-0: Called Strike 0-1: Foul Ball, location: 2F 0-2: Strikes out looking
|
|
Batting: LHB Frank Olivo
|
0-0: Ball 1-0: Ball 2-0: Ball 3-0: Base on Balls Frank Sokolosky to second
|
|
Batting: RHB Mike Strey
|
0-0: Called Strike 0-1: DOUBLE (Line Drive, 9LD, EV 109.4 MPH) Stanislav Parusov scores Frank Sokolosky scores Frank Olivo to third
|
|
Batting: RHB Dominique Paolozzi
|
0-0: Foul Ball, location: 2F 0-1: Foul Ball, location: 2F 0-2: Ball 1-2: Ball 2-2: Ball 3-2: Base on Balls
|
|
Batting: RHB Rogelio Cervantes
|
0-0: Called Strike 0-1: Foul Ball, location: 2F 0-2: Strikes out swinging
|
| Top of the 3rd over - 2 runs, 3 hits, 0 errors, 3 left on base; Boston (APP) 2 - Oakland (APP) 1 |
| BOTTOM OF THE 3RD |
|
Oakland (APP) Athletics batting - Pitching for Boston (APP) Red Sox : LHP Nick Barnes
|
|
Batting: LHB Mark Friedmann
|
0-0: Ball 1-0: Called Strike 1-1: Ball 2-1: Foul Ball, location: 2F 2-2: Strikes out looking
|
|
Batting: RHB Tim Anderson
|
0-0: Called Strike 0-1: Swinging Strike 0-2: Strikes out swinging
|
|
Batting: RHB Steve Blackshear
|
0-0: Ball 1-0: DOUBLE (Line Drive, 7LD, EV 108.8 MPH)
|
|
Batting: RHB Branden Mackie
|
0-0: Foul Ball, location: 2F 0-1: Foul Ball, location: 2F 0-2: Ball 1-2: SINGLE (Groundball, 6MD, EV 100.0 MPH) Steve Blackshear to third Runner from 3rd tries for Home, SAFE, throw by CF to home
|
|
Batting: RHB Matt Black
|
0-0: Called Strike 0-1: Ball 1-1: Foul Ball, location: 2F 1-2: Ball 2-2: Ball 3-2: 2-RUN HOME RUN (Flyball, 78XD, EV 106.9 MPH), Distance : 402 ft
|
|
Batting: RHB Josh Whaley
|
0-0: Ball 1-0: Ball 2-0: Foul Ball, location: 2F 2-1: Ball 3-1: Foul Ball, location: 2F 3-2: Foul Ball, location: 2F 3-2: Base on Balls
|
|
Batting: LHB Augustin Cormier
|
0-0: Swinging Strike 0-1: Swinging Strike 0-2: Strikes out swinging
|
| Bottom of the 3rd over - 3 runs, 3 hits, 0 errors, 1 left on base; Boston (APP) 2 - Oakland (APP) 4 |
| TOP OF THE 4TH |
|
Boston (APP) Red Sox batting - Pitching for Oakland (APP) Athletics : RHP Kyle Rasor
|
|
Batting: RHB Joe Booth
|
0-0: Ball 1-0: Called Strike 1-1: Ball 2-1: Ball 3-1: Foul Ball, location: 2F 3-2: Foul Ball, location: 2F 3-2: Fly out, F9 (Flyball, 9LM, EV 89.4 MPH)
|
|
Batting: LHB Stanislav Parusov
|
0-0: Ball 1-0: SINGLE (Groundball, 4M, EV 106.3 MPH) (infield hit)
|
|
Batting: RHB Matt Hinkle
|
0-0: Called Strike Stanislav Parusov steals 2nd base 0-1: Foul Ball, location: 2F 0-2: Ball 1-2: Strikes out swinging
|
|
Pitching: RHP Ricky Lopez
|
|
|
Batting: RHB Frank Sokolosky
|
0-0: Called Strike 0-1: SINGLE (Groundball, 6, EV 98.8 MPH) Stanislav Parusov to third Runner from 3rd tries for Home, SAFE, throw by CF to home
|
|
Batting: RHB William Lung
|
0-0: Ball Frank Sokolosky steals 2nd base 1-0: Foul Ball, location: 2F 1-1: Called Strike 1-2: Ball 2-2: Ball 3-2: Base on Balls
|
|
Batting: LHB Frank Olivo
|
0-0: Ball 1-0: Called Strike 1-1: Ball 2-1: Ball 3-1: Called Strike 3-2: SINGLE (Groundball, 6D, EV 109.4 MPH) Frank Sokolosky to third William Lung to second Frank Sokolosky scores William Lung to third
|
|
Batting: RHB Mike Strey
|
0-0: Ball 1-0: Ball 2-0: Ball 3-0: Called Strike 3-1: Ground out 4-3 (Groundball, 4MD, EV 103.8 MPH)
|
| Top of the 4th over - 2 runs, 3 hits, 0 errors, 2 left on base; Boston (APP) 4 - Oakland (APP) 4 |
| BOTTOM OF THE 4TH |
|
Oakland (APP) Athletics batting - Pitching for Boston (APP) Red Sox : LHP Nick Barnes
|
|
Batting: RHB Chris Temple
|
0-0: SINGLE (Flyball, 89S, EV 96.9 MPH)
|
|
Batting: LHB Al Soltero
|
0-0: Grounds into double play, 3-6-3 (Groundball, 3, EV 98.1 MPH)
|
|
Batting: LHB Mark Friedmann
|
0-0: SINGLE (Groundball, 6MD, EV 103.1 MPH)
|
|
Batting: RHB Tim Anderson
|
0-0: Called Strike 0-1: Ball Mark Friedmann steals 2nd base (no throw) 1-1: Called Strike 1-2: Ball 2-2: SINGLE (Groundball, 23, EV 63.1 MPH) (infield hit) Mark Friedmann to third
|
|
Batting: RHB Steve Blackshear
|
0-0: Called Strike 0-1: Ball 1-1: Foul Ball, location: 2F 1-2: Foul Ball, location: 2F 1-2: Fly out, F3 (Flyball, 3D, EV 85.6 MPH)
|
| Bottom of the 4th over - 0 runs, 3 hits, 0 errors, 2 left on base; Boston (APP) 4 - Oakland (APP) 4 |
| TOP OF THE 5TH |
|
Boston (APP) Red Sox batting - Pitching for Oakland (APP) Athletics : RHP Ricky Lopez
|
|
Batting: LHB Eddie Contreras
|
0-0: Called Strike 0-1: Fly out, F6 (Flyball, 56D, EV 81.9 MPH)
|
|
Batting: RHB Rogelio Cervantes
|
0-0: Fly out, F7 (Line Drive, 7, EV 99.4 MPH)
|
|
Batting: RHB Joe Booth
|
0-0: Ball 1-0: Swinging Strike 1-1: SINGLE (Flyball, 7LS, EV 101.3 MPH)
|
|
Batting: LHB Stanislav Parusov
|
0-0: Ball 1-0: Called Strike 1-1: Ball 2-1: Foul Ball, location: 2F 2-2: Foul Ball, location: 2F 2-2: Foul Ball, location: 2F 2-2: Foul Ball, location: 2F 2-2: 2-RUN HOME RUN (Line Drive, 7D, EV 105.6 MPH), Distance : 401 ft
|
|
Pitching: LHP David Rodriguez
|
|
|
Batting: RHB Matt Hinkle
|
0-0: Called Strike 0-1: Called Strike 0-2: Ball 1-2: Ball 2-2: Ground out 5-3 (Groundball, 56, EV 84.4 MPH)
|
| Top of the 5th over - 2 runs, 2 hits, 0 errors, 0 left on base; Boston (APP) 6 - Oakland (APP) 4 |
| BOTTOM OF THE 5TH |
|
Oakland (APP) Athletics batting - Pitching for Boston (APP) Red Sox : LHP Nick Barnes
|
|
Batting: RHB Branden Mackie
|
0-0: Called Strike 0-1: Swinging Strike 0-2: Ball 1-2: Reached on error, E6 (Groundball, 6MD, EV 98.8 MPH)
|
|
Batting: RHB Matt Black
|
0-0: Called Strike Branden Mackie is caught stealing 2nd base 2-4 0-1: Foul Ball, location: 2F 0-2: Strikes out looking
|
|
Batting: RHB Josh Whaley
|
0-0: Called Strike 0-1: Swinging Strike 0-2: Strikes out swinging
|
| Bottom of the 5th over - 0 runs, 0 hits, 1 error, 0 left on base; Boston (APP) 6 - Oakland (APP) 4 |
| TOP OF THE 6TH |
|
Boston (APP) Red Sox batting - Pitching for Oakland (APP) Athletics : LHP David Rodriguez
|
|
Batting: RHB Frank Sokolosky
|
0-0: Called Strike 0-1: Foul Ball, location: 2F 0-2: Strikes out looking
|
|
Batting: RHB William Lung
|
0-0: Ball 1-0: Foul Ball, location: 2F 1-1: DOUBLE (Line Drive, 9LD, EV 103.8 MPH)
|
|
Batting: LHB Frank Olivo
|
0-0: Called Strike 0-1: Called Strike 0-2: Strikes out swinging
|
|
Batting: RHB Mike Strey
|
0-0: Hit by Pitch
|
|
Pinch Runner at 1st Curt Stallings:
|
|
|
Batting: LHB Eddie Contreras
|
0-0: Ball Wild Pitch! William Lung to third Curt Stallings to second 1-0: Swinging Strike 1-1: Foul Ball, location: 2F 1-2: Strikes out swinging
|
| Top of the 6th over - 0 runs, 1 hit, 0 errors, 2 left on base; Boston (APP) 6 - Oakland (APP) 4 |
| BOTTOM OF THE 6TH |
|
Oakland (APP) Athletics batting - Pitching for Boston (APP) Red Sox : LHP Nick Barnes
|
|
Pitching: RHP Victor Fuentes
|
|
|
Now at C: Rich Boysen
|
|
|
Batting: LHB Augustin Cormier
|
0-0: Ball 1-0: Foul Ball, location: 2F 1-1: Foul Ball, location: 2F 1-2: Ball 2-2: Ball 3-2: Foul Ball, location: 2F 3-2: Foul Ball, location: 2F 3-2: Foul Ball, location: 2F 3-2: Fly out, F8 (Flyball, 89D, EV 103.8 MPH)
|
|
Batting: RHB Chris Temple
|
0-0: Ball 1-0: Fly out, F7 (Flyball, 7S, EV 73.1 MPH)
|
|
Batting: LHB Al Soltero
|
0-0: Foul Ball, location: 2F 0-1: Ball 1-1: Ball 2-1: Swinging Strike 2-2: Fly out, F8 (Flyball, 8RD, EV 106.9 MPH)
|
| Bottom of the 6th over - 0 runs, 0 hits, 0 errors, 0 left on base; Boston (APP) 6 - Oakland (APP) 4 |
| TOP OF THE 7TH |
|
Boston (APP) Red Sox batting - Pitching for Oakland (APP) Athletics : LHP David Rodriguez
|
|
Batting: RHB Rogelio Cervantes
|
0-0: Called Strike 0-1: Foul Ball, location: 2F 0-2: Ball 1-2: Foul Ball, location: 2F 1-2: Fly out, F9 (Flyball, 9LM, EV 93.8 MPH)
|
|
Batting: RHB Joe Booth
|
0-0: Called Strike 0-1: Ball 1-1: Swinging Strike 1-2: Ground out 4-3 (Groundball, 4, EV 85.6 MPH)
|
|
Batting: LHB Stanislav Parusov
|
0-0: Ball 1-0: Called Strike 1-1: Ball 2-1: DOUBLE (Flyball, 78D, EV 110.6 MPH)
|
|
Pinch Runner at 2nd Eric Evans:
|
|
|
Batting: RHB Matt Hinkle
|
0-0: Ball Wild Pitch! Eric Evans to third 1-0: Ground out 6-3 (Groundball, 6M, EV 104.4 MPH)
|
| Top of the 7th over - 0 runs, 1 hit, 0 errors, 1 left on base; Boston (APP) 6 - Oakland (APP) 4 |
| BOTTOM OF THE 7TH |
|
Oakland (APP) Athletics batting - Pitching for Boston (APP) Red Sox : RHP Victor Fuentes
|
|
Now at 2B: Matt Hinkle
|
|
|
Now in LF: William Lung
|
|
|
Now in RF: Eric Evans
|
|
|
Batting: LHB Mark Friedmann
|
0-0: Ball 1-0: Ball 2-0: Called Strike 2-1: Ball 3-1: Foul Ball, location: 2F 3-2: Foul Ball, location: 2F 3-2: Strikes out swinging
|
|
Batting: RHB Tim Anderson
|
0-0: Ball 1-0: TRIPLE (Flyball, 89XD, EV 102.5 MPH)
|
|
Batting: RHB Steve Blackshear
|
0-0: Called Strike 0-1: Swinging Strike 0-2: Strikes out swinging
|
|
Batting: RHB Branden Mackie
|
0-0: Called Strike 0-1: Ball 1-1: Ball 2-1: Ball 3-1: Base on Balls
|
|
Batting: RHB Matt Black
|
0-0: Ball 1-0: Called Strike 1-1: Ball 2-1: Ball 3-1: Foul Ball, location: 2F 3-2: Base on Balls Branden Mackie to second
|
|
Batting: RHB Josh Whaley
|
0-0: Called Strike 0-1: Ball 1-1: Ball 2-1: Ball 3-1: Base on Balls Tim Anderson scores Branden Mackie to third Matt Black to second
|
|
Batting: LHB Augustin Cormier
|
0-0: Called Strike 0-1: Ball 1-1: GRAND SLAM HOME RUN (Flyball, 89XD, EV 103.1 MPH), Distance : 398 ft
|
|
Pitching: RHP Josh Graham
|
|
|
Batting: RHB Chris Temple
|
0-0: Ground out 5-3 (Groundball, 56S, EV 76.3 MPH)
|
| Bottom of the 7th over - 5 runs, 2 hits, 0 errors, 0 left on base; Boston (APP) 6 - Oakland (APP) 9 |
| TOP OF THE 8TH |
|
Boston (APP) Red Sox batting - Pitching for Oakland (APP) Athletics : LHP David Rodriguez
|
|
Pitching: RHP Jon Hollman
|
|
|
Batting: RHB Frank Sokolosky
|
0-0: Ball 1-0: Ground out 4-3 (Groundball, 4, EV 88.1 MPH)
|
|
Batting: RHB William Lung
|
0-0: Called Strike 0-1: Swinging Strike 0-2: Ball 1-2: Foul Ball, location: 2F 1-2: Strikes out looking
|
|
Batting: LHB Frank Olivo
|
0-0: Ball 1-0: Foul Ball, location: 2F 1-1: Ball 2-1: Ball 3-1: Base on Balls
|
|
Batting: RHB Rich Boysen
|
0-0: Ball 1-0: Swinging Strike 1-1: DOUBLE (Groundball, 5L, EV 108.1 MPH) Frank Olivo to third Runner from 3rd tries for Home, SAFE, throw by LF to home
|
|
Batting: LHB Eddie Contreras
|
0-0: Ball 1-0: Ground out 4-3 (Groundball, 4, EV 88.1 MPH)
|
| Top of the 8th over - 1 run, 1 hit, 0 errors, 1 left on base; Boston (APP) 7 - Oakland (APP) 9 |
| BOTTOM OF THE 8TH |
|
Oakland (APP) Athletics batting - Pitching for Boston (APP) Red Sox : RHP Josh Graham
|
|
Batting: LHB Al Soltero
|
0-0: Ball 1-0: Fly out, F8 (Flyball, 8LXD, EV 110.0 MPH)
|
|
Batting: LHB Mark Friedmann
|
0-0: Ball 1-0: Called Strike 1-1: Swinging Strike 1-2: Strikes out swinging
|
|
Batting: RHB Tim Anderson
|
0-0: Foul Ball, location: 2F 0-1: Ground out 4-3 (Groundball, 4, EV 80.6 MPH)
|
| Bottom of the 8th over - 0 runs, 0 hits, 0 errors, 0 left on base; Boston (APP) 7 - Oakland (APP) 9 |
| TOP OF THE 9TH |
|
Boston (APP) Red Sox batting - Pitching for Oakland (APP) Athletics : RHP Jon Hollman
|
|
Pitching: LHP Kevin Barteaux
|
|
|
Batting: RHB Rogelio Cervantes
|
0-0: Called Strike 0-1: Foul Ball, location: 2F 0-2: Ball 1-2: Reached on error, E5 (Groundball, 56S, EV 81.9 MPH)
|
|
Batting: RHB Joe Booth
|
0-0: Ball 1-0: Foul Ball, location: 2F 1-1: Foul Ball, location: 2F 1-2: Foul Ball, location: 2F 1-2: Ball 2-2: Fielders Choice at 2nd, 4-6 (Groundball, 34, EV 108.1 MPH)
|
|
Batting: SHB Eric Evans
|
0-0: Foul Ball, location: 2F 0-1: Ball 1-1: Foul Ball, location: 2F 1-2: Strikes out swinging
|
|
Batting: RHB Matt Hinkle
|
0-0: Foul Ball, location: 2F 0-1: Foul Ball, location: 2F 0-2: Strikes out swinging
|
| Top of the 9th over - 0 runs, 0 hits, 1 error, 1 left on base; Boston (APP) 7 - Oakland (APP) 9 |
|